 Dungeon Crawl Stone Soup version 0.27-a0-920-gb2bd10914a (webtiles) character file.

Game seed: 981812800487572951

81 mhtbhm the Cudgeller (level 4, -2/43 HPs)
             Began as a Gargoyle Berserker on Apr 9, 2021.
             Was a Believer of Trog.
             Killed by divine providence
             ... invoked by an orc priest
              (12 damage)
             ... on level 3 of the Dungeon.
             The game lasted 00:01:54 (2775 turns).

mhtbhm the Cudgeller (Gargoyle Berserker)           Turns: 2775, Time: 00:01:55

Health: -2/43      AC: 11    Str: 21    XL:     4   Next: 40%
Magic:  4/4        EV: 10    Int:  8    God:    Trog [**....]
Gold:   49         SH:  0    Dex:  9    Spells: 3/3 levels left

rFire    . . .     SeeInvis .   a - +0 mace
rCold    . . .     Faith    .   (no shield)
rNeg     + . .     Spirit   .   b - +0 scale mail
rPois    ∞         Reflect  .   (no helmet)
rElec    +         Harm     .   (no cloak)
rCorr    .         Rampage  .   (no gloves)
Will     .....                  i - +0 pair of boots
Stlth    ..........             (no amulet)
HPRegen  0.14/turn              (no ring)
MPRegen  0.09/turn              (no ring)

@: berserking, very quick
A: AC +3, negative energy resistance 1, electricity resistance, torment
resistance 1, unbreathing 1, petrification resistance
a: Renounce Religion, Berserk, Trog's Hand


You were on level 3 of the Dungeon.
You worshipped Trog.
Trog was pleased with you.
You visited 1 branch of the dungeon, and saw 3 of its levels.

You collected 49 gold pieces.

Inventory:

Hand Weapons
 a - a +0 mace (weapon)
Armour
 b - a +0 scale mail (worn)
 i - a +0 pair of boots (worn)
Scrolls
 d - 2 scrolls of blinking
 e - a scroll of summoning {unknown}
 g - a scroll of enchant armour {unknown}
 j - a scroll of enchant weapon {unknown}
 k - 2 scrolls of identify {unknown}
Potions
 c - a potion of mutation {unknown}
 f - a potion of flight {unknown}
 h - a potion of haste {unknown}
 l - a potion of brilliance {unknown}
 m - a potion of degeneration {unknown}


   Skills:
 + Level 3.8 Fighting
 + Level 4.1 Maces & Flails
 + Level 2.3 Armour
 + Level 2.3 Dodging


You had 3 spell levels left.
You didn't know any spells.
Your spell library was empty.

Dungeon Overview and Level Annotations

Branches:
Dungeon (3/15)

Altars:


Innate Abilities, Weirdness & Mutations

Your stone body is resilient. (AC +3)
You are immune to poison.
You resist negative energy. (rN+)
You are resistant to electric shocks. (rElec)
You are resistant to unholy torment.
You can survive without breathing.
You are immune to petrification.


Message History

The orc priest invokes the aid of Beogh against you.
Pain shoots through your body!
An orc comes into view. It is wielding a +0 club.
The orc priest mumbles some strange prayers to Beogh against you.
Beogh smites you!
You hear a shout!
An orc comes into view. It is wielding a +0 club.
The orc closely misses you.
You hit the orc.
The orc is lightly wounded.
You hit the orc.
The orc is almost dead.
You hit the orc but do no damage.
The orc is almost dead.
The orc barely misses you. The orc priest misses you.
You sock the orc!
You kill the orc!
Trog accepts your kill. The orc hits you but does no damage.
The orc priest closely misses you. The orc closely misses you.
You barely miss the orc.
The orc is lightly wounded.
The orc hits you but does no damage.
The orc priest hits you but does no damage.
The orc closely misses you. The orc hits you with a +0 whip.
You hit the orc priest.
The orc priest is moderately wounded.
The orc priest mumbles some strange prayers to Beogh against you.
Beogh smites you!
* * * LOW HITPOINT WARNING * * *
The orc hits you but does no damage. The orc barely misses you.
You are too injured to fight recklessly!
You are too injured to fight recklessly!
You are too injured to fight recklessly!
Unknown command.
A red film seems to cover your vision as you go berserk!
You feel yourself moving faster!
You feel mighty!
The orc priest calls down the wrath of Beogh upon you.
Beogh smites you!
You die...

.#.......# #........#
.......>.# ##...#####
.#.......# #...#
.#.#....## #.>.#
.#.#....# #...######.
##.##.†.# #..........
##.#....######...#####..
........................
####...........)@.......
#....#.......ooo<.....
#.##########...#####..
#.# #..... . #.# #...###
#.# #...# #)# #...#
###.# #...# ..#†#


You could see an orc priest and 2 orcs.

Vanquished Creatures
  4 adders
  A dart slug (D:3)
  2 orcs (D:3)
  4 endoplasms
  A giant cockroach (D:1)
  7 goblins
  A hobgoblin (D:1)
  4 kobolds
  7 ball pythons
  6 bats
  6 rats
43 creatures vanquished.

Notes
Turn   | Place    | Note
-------+----------+-------------------------------------------
     0 | D:1      | mhtbhm the Gargoyle Berserker began the quest for the Orb.
     0 | D:1      | Reached XP level 1. HP: 14/14 MP: 1/1
   663 | D:1      | Reached XP level 2. HP: 12/19 MP: 2/2
  1482 | D:1      | Reached XP level 3. HP: 23/23 MP: 3/3
  1865 | D:2      | Reached ** piety under Trog
  2243 | D:2      | Found a faded altar of an unknown god.
  2431 | D:3      | Reached skill level 4 in Maces & Flails
  2431 | D:3      | Reached XP level 4. HP: 26/29 MP: 4/4
  2775 | D:3      | Killed from afar by an orc priest

Illustrated notes

Levels and vault maps discovered:
D:1:      psy_arrival_terrarium, layout_loops_ring,
          chequers_serial_rivers_micro_a, serial_park_tiny_pond,
          minmay_misc_feat_alley
D:2:      layout_loops_cross, hellmonk_ecumenical_altar_blasted
D:3:      layout_loops_cross, lemuel_crystal_altar,
          nicolae_overflow_crystal_walls, nrook_mini_backslash

Skill      XL: |  1  2  3 |
---------------+----------+-----
Dodging        | 2 |  2.3
Maces & Flails | 4 |  4.1
Fighting       | |  3.8
Armour         | |  2.3

Action                   |  1- 3 |  4- 6 || total
-------------------------+-------+-------++-------
Melee: Mace              |   113 |    28 ||   141
Invok: Berserk           |     4 |     1 ||     5
  Use: Scroll            |     1 |       ||     1
 Stab: Sleeping          |     1 |       ||     1
Armor: Animal skin       |    40 |       ||    40
       Scale mail        |     8 |    19 ||    27
Dodge: Dodged            |    78 |    25 ||   103

Table legend: (Time is in decaauts)
 A = Elapsed time spent in this place.
 B = Non-inter-level travel time spent in this place.
 C = Inter-level travel time spent in this place.
 D = Time resting spent in this place.
 E = Time spent auto-exploring this place.
 F = Levels seen in this place.
 G = Mean time per level.
                   A        B        C        D        E       F      G
               +--------+--------+--------+--------+--------+-----+--------+
         Total |   2835 |   2803 |     32 |    783 |   1670 |   3 |  945.0 |
       Dungeon |   2835 |   2803 |     32 |    783 |   1670 |   3 |  945.0 |
               +--------+--------+--------+--------+--------+-----+--------+

Top non-repeatable levels by time:
     D:1: 1716 daAuts
     D:2: 737 daAuts
     D:3: 381 daAuts
